[Event "Titled Tuesday Blitz December 20 Late 2022"]
[White "Ozates, Tuna"]
[Black "Andreassen, Lars"]
[WhiteFideId "6354521"]
[BlackFideId "1504878"]
[WhiteElo "2151"]
[BlackElo "2119"]
[Result "1-0"]
[Round "03"]
[TimeControl "180+1"]
[Date "2022.12.21"]
[WhiteClock "0:00:16"]
[BlackClock "0:00:02"]

1. e4 d5 2. exd5 Nf6 3. c4 e6 4. d4 exd5 5. Nc3 Bb4 6. a3 Bxc3+ 7. bxc3 O-O 8. Bd3 Re8+ 9. Ne2 dxc4 10. Bxc4 Bg4 11. O-O Nbd7 12. f3 Bf5 13. Ng3 Bg6 14. f4 Be4 15. f5 Nb6 16. Bb3 Bd5 17. Bc2 Nc4 18. Bg5 Ne3 19. Bxe3 Rxe3 20. Qd2 Re7 21. Rab1 Qd6 22. Bd3 Rae8 23. c4 Be4 24. d5 b6 25. Bxe4 Nxe4 26. Nxe4 Rxe4 27. f6 g6 28. Rb3 Qc5+ 29. Kh1 Qxc4 30. Rbf3 Rh4 31. d6 cxd6 32. Qxd6 Qe6 33. Qc7 h5 34. Qxa7 Qe5 35. h3 Qe2 36. Qxb6 Rhe4 37. Qc5 Qa6 38. Qg5 Re1 39. Rxe1 Rxe1+ 40. Kh2 Qd6+ 41. Qf4 Qxf4+ 42. Rxf4 Ra1 43. Ra4 Kh7 44. Ra7 Kh6 45. Rxf7 Rxa3 46. Rf8 Ra6 47. Rh8+ Kg5 48. f7 1-0


[Site "https://www.chess.com"]

[Event "Titled Tuesday Blitz December 20 Late 2022"]
[White "Pakleza, Zbigniew"]
[Black "Carlsen, Magnus"]
[WhiteFideId "1119290"]
[BlackFideId "1503014"]
[WhiteElo "2410"]
[BlackElo "2830"]
[Result "0-1"]
[Round "03"]
[TimeControl "180+1"]
[Date "2022.12.20"]
[WhiteClock "0:00:01"]
[BlackClock "0:01:32"]

1. d4 Nf6 2. Nf3 d5 3. Bf4 c5 4. c3 e6 5. e3 Bd6 6. Bg3 Qc7 7. Nbd2 Nbd7 8. Be2 O-O 9. c4 b6 10. Rc1 Bb7 11. O-O Rac8 12. Qa4 Bc6 13. Qa3 Bxg3 14. hxg3 a5 15. dxc5 Nxc5 16. Nb3 Nxb3 17. Qxb3 dxc4 18. Rxc4 Qb7 19. Rd4 Bd5 20. Qa4 Rc5 21. Rfd1 h6 22. Ne5 Bxg2 23. Nd7 Nxd7 24. Rxd7 Qa8 25. Qg4 Bd5 26. a3 Qc6 27. Re7 Rc1 28. Kh2 Rc2 29. b4 Qc3 30. bxa5 Qf6 31. Kg1 Qxe7 0-1


[Site "https://www.chess.com"]

[Event "Titled Tuesday Blitz December 20 Late 2022"]
[White "Paravyan, David"]
[Black "Matinian, Nikita"]
[WhiteFideId "4194985"]
[BlackFideId "24129100"]
[WhiteElo "2551"]
[BlackElo "2422"]
[Result "1-0"]
[Round "03"]
[TimeControl "180+1"]
[Date "2022.12.20"]
[WhiteClock "0:00:13"]
[BlackClock "0:00:01"]

1. e4 c5 2. Nf3 e6 3. d4 cxd4 4. Nxd4 a6 5. Bd3 Bc5 6. Nb3 Ba7 7. Bf4 d6 8. Qd2 e5 9. Bg5 Ne7 10. Nc3 Be6 11. O-O-O f6 12. Bh4 Nbc6 13. f4 Rc8 14. Bf2 Bxf2 15. Qxf2 Nb4 16. Kb1 b5 17. fxe5 fxe5 18. Be2 Ng6 19. Bh5 Bf7 20. Bxg6 hxg6 21. a3 Nc6 22. Qd2 O-O 23. Qxd6 Qg5 24. Qd2 Qg4 25. h3 Qg3 26. Nd5 Kh7 27. Rhf1 Nd4 28. Nxd4 exd4 29. Rf3 Qh4 30. Rf4 Qh6 31. Qf2 Bxd5 32. Rxf8 Rxf8 33. Qxf8 Bxe4 34. Qf2 d3 35. cxd3 Bf5 36. Ka1 Qg5 37. d4 b4 38. Qd2 Qg3 39. Qxb4 Qxg2 40. Qd2 Qd5 41. Re1 Be6 42. b4 Qb3 43. Re3 Qc4 44. h4 Bf5 45. d5 Qf1+ 46. Re1 Qf3 47. Kb2 Qg4 48. d6 Bd7 49. Re7 Qf5 50. Qd4 1-0


[Site "https://www.chess.com"]

[Event "Titled Tuesday Blitz December 20 Late 2022"]
[White "Peatman, Carter"]
[Black "reevecanada"]
[WhiteFideId "2096480"]
[WhiteElo "2454"]
[BlackElo "2203"]
[Result "0-1"]
[Round "03"]
[TimeControl "180+1"]
[Date "2022.12.21"]
[WhiteClock "0:01:33"]
[BlackClock "0:02:25"]

1. d4 c5 2. dxc5 Na6 3. e4 Nxc5 4. Nc3 d6 5. Nf3 Nf6 6. Bd3 g6 7. Bg5 Bg7 8. Qe2 h6 9. Bf4 Nh5 10. Bd2 O-O 11. Rg1 Bxc3 12. Bxc3 Nf4 13. Qe3 e5 14. g3 Ncxd3+ 15. cxd3 Nh3 16. Qxh6 Nxg1 17. Ng5 Qxg5 18. Qxg5 Nf3+ 19. Ke2 Nxg5 20. f4 Nh7 21. fxe5 dxe5 22. Bxe5 Be6 0-1


[Site "https://www.chess.com"]

[Event "Titled Tuesday Blitz December 20 Late 2022"]
[White "Poliakova, Varvara"]
[Black "Sanchez, Robert"]
[WhiteFideId "13518313"]
[BlackFideId "2034360"]
[WhiteElo "2075"]
[BlackElo "2383"]
[Result "1-0"]
[Round "03"]
[TimeControl "180+1"]
[Date "2022.12.21"]
[WhiteClock "0:00:49"]
[BlackClock "0:00:06"]

1. e4 e6 2. d4 d5 3. e5 c5 4. c3 Nc6 5. Nf3 Bd7 6. a3 f6 7. b4 cxd4 8. cxd4 fxe5 9. dxe5 Qc7 10. Bb2 Nge7 11. Nbd2 Ng6 12. Rc1 a6 13. h4 Qb8 14. Bd3 Ncxe5 15. Nxe5 Nxe5 16. Qh5+ Nf7 17. O-O g6 18. Qe2 Rg8 19. f4 Bd6 20. g3 Qa7+ 21. Kh2 h5 22. Nf3 Nh6 23. Bd4 Ng4+ 24. Kg2 Qb8 25. Ng5 Qd8 26. Rce1 Qe7 27. Qb2 O-O-O 28. b5 axb5 29. Bxb5 Bxb5 30. Qxb5 Kb8 31. Nxe6 Rc8 32. Nc5 Qf7 33. Nd7+ Kc7 34. Bb6# 1-0


[Site "https://www.chess.com"]

[Event "Titled Tuesday Blitz December 20 Late 2022"]
[White "Przybylski, Wojciech"]
[Black "Tang, Andrew"]
[WhiteFideId "1117599"]
[BlackFideId "2059630"]
[WhiteElo "2217"]
[BlackElo "2582"]
[Result "0-1"]
[Round "03"]
[TimeControl "180+1"]
[Date "2022.12.21"]
[WhiteClock "0:00:16"]
[BlackClock "0:00:07"]

1. e4 b5 2. Nf3 Bb7 3. d3 g6 4. Be2 Bg7 5. O-O c5 6. a4 b4 7. Nbd2 d6 8. a5 Nf6 9. Nc4 O-O 10. Bg5 h6 11. Bf4 Nc6 12. a6 Bc8 13. c3 bxc3 14. bxc3 d5 15. e5 Nh5 16. Be3 dxc4 17. d4 cxd4 18. cxd4 Be6 19. Qd2 Kh7 20. Rfd1 Qd5 21. Rac1 Na5 22. Qc3 Rac8 23. h3 f5 24. Rb1 Nb3 25. Nh2 f4 26. Bf3 Qa5 27. Rxb3 Qxc3 28. Rxc3 fxe3 29. fxe3 Ng3 30. e4 Rcd8 31. Re3 h5 32. h4 Bh6 33. Rc3 Rxf3 34. Rxf3 Ne2+ 35. Kf2 Nxd4 36. Rc3 Rf8+ 37. Nf3 Nb5 38. Rc2 c3 39. Ra1 Bb3 40. Re2 c2 41. Ree1 Nd4 42. e6 Nxf3 43. gxf3 Rc8 44. Rec1 Bxe6 45. Ke2 Rc3 46. e5 Bc4+ 47. Kf2 Be3+ 48. Kg3 Bxc1 49. Rxc1 Bb3 50. e6 Rd3 51. Kf4 Rd1 52. Kg5 Rxc1 53. f4 Rg1# 0-1


[Site "https://www.chess.com"]

[Event "Titled Tuesday Blitz December 20 Late 2022"]
[White "Radovanovic, Dusan"]
[Black "Barria Zuniga, Daniel"]
[WhiteFideId "926868"]
[BlackFideId "3400816"]
[WhiteElo "2337"]
[BlackElo "2414"]
[Result "0-1"]
[Round "03"]
[TimeControl "180+1"]
[Date "2022.12.21"]
[WhiteClock "0:00:53"]
[BlackClock "0:01:13"]

1. e4 g6 2. d4 Bg7 3. Nc3 c5 4. dxc5 Bxc3+ 5. bxc3 Nf6 6. Qd4 Nc6 7. Qa4 O-O 8. Nf3 b6 9. Bd3 bxc5 10. O-O Qc7 11. Bg5 Nh5 12. g3 d6 13. Rab1 Bd7 14. Qa6 Rfb8 15. Bc4 Ng7 16. Rfe1 Bg4 17. Nd2 Be6 18. Bd5 Bd7 19. Bxc6 Bxc6 20. Bxe7 Rb6 21. Rxb6 axb6 22. Bxd6 Qxd6 23. Qxb6 Qxd2 0-1


[Site "https://www.chess.com"]

[Event "Titled Tuesday Blitz December 20 Late 2022"]
[White "Rasulov, Vugar"]
[Black "Cruz Mendez, Jean Marco"]
[WhiteFideId "13402390"]
[BlackFideId "3526402"]
[WhiteElo "2509"]
[BlackElo "2064"]
[Result "1-0"]
[Round "03"]
[TimeControl "180+1"]
[Date "2022.12.20"]
[WhiteClock "0:00:56"]
[BlackClock "0:00:16"]

1. c4 e5 2. Nc3 Nc6 3. g3 Bc5 4. Bg2 a6 5. Nf3 Ba7 6. O-O d6 7. d3 Nge7 8. Rb1 h6 9. b4 O-O 10. a4 Be6 11. e3 Qd7 12. b5 axb5 13. axb5 Na5 14. Ba3 c5 15. bxc6 Naxc6 16. Ra1 Rfd8 17. Nb5 Bc5 18. Bb2 Rxa1 19. Qxa1 f6 20. Rc1 Bb6 21. d4 exd4 22. Nfxd4 Bf7 23. Ba3 d5 24. c5 Bc7 25. Nxc7 Qxc7 26. Nb5 Qd7 27. Nd6 Nc8 28. Qb2 Nxd6 29. cxd6 Rc8 30. h4 Ne5 31. Rxc8+ Qxc8 32. Qb6 Kh7 33. Bb2 Nc4 34. Qc7 Qf5 35. Qxf7 Nxb2 36. Qxd5 1-0


[Site "https://www.chess.com"]

[Event "Titled Tuesday Blitz December 20 Late 2022"]
[White "Renjith, Sravan"]
[Black "Kravtsiv, Martyn"]
[WhiteFideId "4306783"]
[BlackFideId "14113147"]
[WhiteElo "2072"]
[BlackElo "2695"]
[Result "1-0"]
[Round "03"]
[TimeControl "180+1"]
[Date "2022.12.20"]
[WhiteClock "0:00:11"]
[BlackClock "0:00:26"]

1. Nf3 d5 2. d4 Nf6 3. g3 c5 4. c3 e6 5. Bg2 Be7 6. O-O O-O 7. Ne5 b6 8. Nd2 Bb7 9. Re1 Nc6 10. Nxc6 Bxc6 11. Nc4 Rc8 12. Ne5 Bb7 13. Bf4 Ne4 14. f3 Nd6 15. Be3 f6 16. Nd3 cxd4 17. cxd4 Qd7 18. Bf2 Ba6 19. e4 dxe4 20. fxe4 Nb5 21. Qa4 Bb7 22. Rad1 a6 23. d5 e5 24. Bxb6 Qg4 25. Nf2 Qh5 26. Bh3 Rb8 27. Qb3 Kh8 28. a4 Nd4 29. Bxd4 exd4 30. Rxd4 Bc5 31. Bg4 Qg5 32. h4 Qe5 33. Rd2 Bc8 34. Qf3 Bxg4 35. Qxg4 Rxb2 36. Rxb2 Qxb2 37. Qe2 Qb3 38. Kg2 Qxa4 39. Nd3 Bd6 40. Qf3 h6 41. Rf1 Qc2+ 42. Rf2 Qc4 43. h5 Re8 44. Re2 a5 45. Nf2 a4 46. Ng4 Rf8 47. Rf2 a3 48. Ne3 Qd3 49. Nf5 Qxf3+ 50. Kxf3 Bc5 51. Rc2 Ra8 52. Rxc5 a2 53. Rc1 a1=Q 54. Rxa1 Rxa1 55. Kf4 Kg8 56. Ne7+ Kf7 57. Nf5 Ra6 58. Kg4 Ra7 59. Kf4 Ke8 60. Kg4 Rd7 61. Kf4 Kd8 62. Nd4 Ke7 63. Nf5+ Kd8 64. Nd4 Re7 65. Nc6+ Kd7 66. Nxe7 Kxe7 67. Kf5 Kf7 68. d6 Ke8 69. Ke6 Kd8 70. d7 1-0


[Site "https://www.chess.com"]

[Event "Titled Tuesday Blitz December 20 Late 2022"]
[White "Rian, Kapriaga"]
[Black "Saveliev, Alexei"]
[WhiteFideId "7103263"]
[BlackFideId "24128546"]
[WhiteElo "2331"]
[BlackElo "2290"]
[Result "0-1"]
[Round "03"]
[TimeControl "180+1"]
[Date "2022.12.21"]
[WhiteClock "0:00:14"]
[BlackClock "0:01:51"]

1. d4 g6 2. Nf3 Bg7 3. Bf4 d6 4. e3 Nf6 5. h3 O-O 6. Be2 Nc6 7. O-O Nd7 8. Bh2 e5 9. c4 f5 10. Nc3 e4 11. Nd2 Kh8 12. a3 a5 13. Rb1 Nf6 14. b4 axb4 15. axb4 Ne7 16. c5 g5 17. Nc4 d5 18. Ne5 Ng6 19. Nxg6+ hxg6 20. Nb5 c6 21. Nd6 Ne8 22. b5 Nxd6 23. Bxd6 Rf7 24. Ra1 Rxa1 25. Qxa1 Bd7 26. Qa7 f4 27. bxc6 Bxc6 28. Bg4 Qf6 29. Qb8+ Kh7 30. Qc8 fxe3 31. Be5 exf2+ 32. Kh1 Qe7 33. Be6 e3 34. Bxf7 Qxf7 35. Bxg7 Kxg7 36. Qg4 Bb5 37. Qxg5 Bxf1 38. Qe5+ Kh7 39. Qxe3 Bxg2+ 40. Kh2 f1=Q 0-1


[Site "https://www.chess.com"]

[Event "Titled Tuesday Blitz December 20 Late 2022"]
[White "Rodriguez Santiago, Jaime"]
[Black "Gasparyan, David"]
[WhiteFideId "3100898"]
[BlackFideId "13311980"]
[WhiteElo "2025"]
[BlackElo "2455"]
[Result "1/2-1/2"]
[Round "03"]
[TimeControl "180+1"]
[Date "2022.12.21"]
[WhiteClock "0:00:03"]
[BlackClock "0:00:06"]

1. c4 c5 2. Nc3 g6 3. g3 Nc6 4. Bg2 Nf6 5. e4 Bg7 6. Nge2 O-O 7. d3 d6 8. O-O Bg4 9. f3 Bd7 10. Be3 a6 11. a4 Rb8 12. Qd2 Na5 13. Nc1 b5 14. axb5 axb5 15. cxb5 Bxb5 16. Bh6 Bc6 17. Bxg7 Kxg7 18. f4 Qb6 19. Kh1 Nb3 20. Nxb3 Qxb3 21. Rab1 Rb4 22. e5 Bxg2+ 23. Kxg2 dxe5 24. fxe5 Nd7 25. Qe3 Rd4 26. Rf2 Qb7+ 27. Kh3 Qc7 28. Re1 e6 29. Nb5 Qa5 30. Nxd4 cxd4 31. Qe2 Nc5 32. Ref1 Nd7 33. Qe4 Qxe5 34. Qxe5+ Nxe5 35. Rf4 Nxd3 36. Rxd4 Nxb2 37. Rf2 Rb8 38. Rd7 Nc4 39. Rfxf7+ Kh6 40. Rxh7+ Kg5 41. Rdf7 e5 42. Kg2 Rb2+ 43. Kf3 Nd2+ 44. Ke3 Nc4+ 45. Kd3 Nd6 46. Rf1 Nf5 47. h4+ Kg4 48. Rg1 Rb3+ 49. Ke4 Re3+ 50. Kd5 Nxg3 51. Rg7 Kf5 52. h5 Nxh5 53. Rf7+ Nf6+ 54. Kd6 Rf3 55. Ke7 Ke4 56. Rxf6 Rxf6 57. Kxf6 Kd4 58. Rxg6 e4 59. Rg4 Kd3 60. Kf5 e3 61. Kf4 e2 62. Rg1 Kd2 63. Rg2 Kd1 64. Rxe2 Kxe2 1/2-1/2


[Site "https://www.chess.com"]

[Event "Titled Tuesday Blitz December 20 Late 2022"]
[White "Roman, Rodrigo"]
[Black "Joubert, Dantelle"]
[WhiteFideId "3701220"]
[BlackFideId "14310813"]
[WhiteElo "1995"]
[BlackElo "1507"]
[Result "1-0"]
[Round "03"]
[TimeControl "180+1"]
[Date "2022.12.21"]
[WhiteClock "0:00:30"]
[BlackClock "0:00:02"]

1. e4 e5 2. Nf3 Nc6 3. Bb5 Nf6 4. O-O Nxe4 5. d4 Nd6 6. dxe5 Nxb5 7. a4 Nbd4 8. Nxd4 Be7 9. Nc3 O-O 10. Nd5 Bc5 11. Nb3 d6 12. Nxc5 dxc5 13. Be3 b6 14. f4 Nd4 15. Bxd4 cxd4 16. Nb4 Bb7 17. a5 c5 18. Nd3 Qd5 19. Qd2 b5 20. b3 a6 21. b4 c4 22. Nc5 Bc6 23. Rad1 Rfd8 24. Qf2 c3 25. Qf3 Qxf3 26. gxf3 Kf8 27. Kf2 Ke7 28. Rd3 Bd5 29. Rxd4 Bc4 30. Rfd1 Rxd4 31. Rxd4 Be6 32. Rd3 Bf5 33. Rxc3 Rd8 34. Ke2 Ra8 35. Ne4 Rd8 36. Rc7+ Rd7 37. Rxd7+ Kxd7 38. Nc5+ Kc6 39. Nxa6 Be6 40. Nc5 Bc4+ 41. Ke3 f6 42. c3 1-0


[Site "https://www.chess.com"]

[Event "Titled Tuesday Blitz December 20 Late 2022"]
[White "Ronka, Erik"]
[Black "Liu, Kelsey"]
[WhiteFideId "505080"]
[BlackFideId "30944481"]
[WhiteElo "2264"]
[BlackElo "2302"]
[Result "1-0"]
[Round "03"]
[TimeControl "180+1"]
[Date "2022.12.21"]
[WhiteClock "0:02:10"]
[BlackClock "0:00:58"]

1. d4 Nf6 2. Nf3 e6 3. g3 b6 4. Bg2 Bb7 5. O-O Be7 6. c4 O-O 7. Nc3 Ne4 8. Qc2 Nxc3 9. Qxc3 c5 10. Rd1 Bf6 11. b3 cxd4 12. Nxd4 Bxg2 13. Kxg2 Qc7 14. Bb2 Nc6 15. Qe3 Rfd8 16. Nb5 Qb8 17. Bxf6 gxf6 18. Nd6 Ne5 19. f4 Ng4 20. Qf3 f5 21. e4 Nh6 22. Qh5 Kg7 23. Qg5+ 1-0


[Site "https://www.chess.com"]

[Event "Titled Tuesday Blitz December 20 Late 2022"]
[White "Rorrer, Grayson"]
[Black "Tari, Aryan"]
[WhiteFideId "30944996"]
[BlackFideId "1510045"]
[WhiteElo "2200"]
[BlackElo "2620"]
[Result "0-1"]
[Round "03"]
[TimeControl "180+1"]
[Date "2022.12.20"]
[WhiteClock "0:00:06"]
[BlackClock "0:00:19"]

1. e4 e5 2. Nc3 Nf6 3. d4 exd4 4. Qxd4 Nc6 5. Qd3 g6 6. Bf4 Bg7 7. O-O-O O-O 8. f3 d6 9. h4 Be6 10. Kb1 b5 11. g4 b4 12. Nd5 Nd7 13. h5 Nc5 14. Qd2 Na4 15. Bg5 f6 16. Bh6 Bxh6 17. Qxh6 g5 18. Bb5 Ne5 19. Nxf6+ Qxf6 20. Qxf6 Rxf6 21. Bxa4 Nxf3 22. Nxf3 Rxf3 23. e5 Rd8 24. exd6 Rxd6 25. Rxd6 cxd6 26. Bb3 Kf7 27. Rd1 Rf4 28. Rg1 d5 29. Kc1 Rxg4 30. Rxg4 Bxg4 31. Bxd5+ Kf6 32. h6 Kg6 33. c4 bxc3 34. bxc3 Kxh6 35. c4 Kg7 36. c5 Kf6 37. c6 Ke5 38. Bg2 h5 39. Kd2 Kd6 40. Ke3 Be6 41. a3 Bb3 42. c7 Kxc7 43. Ke4 Bc2+ 44. Ke5 g4 45. Kf4 Bd1 46. Kg3 Kb6 47. Be4 Kb5 48. Bg6 Ka4 49. Bxh5 Kxa3 0-1


[Site "https://www.chess.com"]

[Event "Titled Tuesday Blitz December 20 Late 2022"]
[White "Rose, Felix"]
[Black "Yeritsyan, Hayk"]
[WhiteFideId "5105722"]
[BlackFideId "13307320"]
[WhiteElo "2039"]
[BlackElo "2412"]
[Result "1-0"]
[Round "03"]
[TimeControl "180+1"]
[Date "2022.12.21"]
[WhiteClock "0:00:16"]
[BlackClock "0:00:03"]

1. e4 c6 2. d4 d5 3. e5 c5 4. dxc5 e6 5. a3 Bxc5 6. b4 Bb6 7. Bb2 Ne7 8. Nf3 Nbc6 9. Bd3 Qc7 10. O-O Ng6 11. Re1 O-O 12. Nbd2 Re8 13. c4 dxc4 14. Nxc4 Rd8 15. Qc2 Nd4 16. Bxd4 Bxd4 17. Rad1 b5 18. Nd6 Qxc2 19. Bxc2 Bb2 20. Nxb5 Bb7 21. Rb1 Bxf3 22. Rxb2 Bc6 23. Bxg6 Bxb5 24. Be4 Rac8 25. f3 Rc3 26. a4 Bc4 27. b5 Ra3 28. Rb4 Ba2 29. Ra1 Rd2 30. h4 g6 31. Kh2 h5 32. Kg3 Kg7 33. Bc6 Rb2 34. Rxb2 Bd5 35. Rxa3 Bxc6 36. bxc6 1-0


[Site "https://www.chess.com"]

[Event "Titled Tuesday Blitz December 20 Late 2022"]
[White "Rosenberg, Evan S"]
[Black "Smith, Garrett L"]
[WhiteFideId "2019299"]
[BlackFideId "2024829"]
[WhiteElo "2407"]
[BlackElo "2214"]
[Result "1/2-1/2"]
[Round "03"]
[TimeControl "180+1"]
[Date "2022.12.21"]
[WhiteClock "0:00:17"]
[BlackClock "0:00:17"]

1. d4 Nf6 2. Nf3 g6 3. Nc3 d5 4. Bf4 Bg7 5. Nb5 Na6 6. e3 O-O 7. h3 c6 8. Nc3 Bf5 9. Bxa6 bxa6 10. Ne5 Qc8 11. Na4 Nd7 12. Nxd7 Bxd7 13. Nc5 Re8 14. c3 a5 15. Qa4 e5 16. dxe5 Bxe5 17. Bxe5 Rxe5 18. Qd4 Re8 19. O-O Rb8 20. b3 h5 21. Rad1 Rb5 22. e4 Rxc5 23. Qxc5 Rxe4 24. Rfe1 Rh4 25. Qe7 Rf4 26. Re3 Be6 27. c4 Kg7 28. cxd5 cxd5 29. Rdd3 Qc1+ 30. Kh2 Rf6 31. Rf3 Rxf3 32. Rxf3 Qb2 33. a4 Kg8 34. Qf6 Qxf6 35. Rxf6 Kf8 36. Rf3 Ke7 37. Rc3 Kd6 38. Kg3 d4 39. Rc1 Bxb3 40. Kf4 Bd5 41. g3 Bc6 42. h4 Kd5 43. Re1 f6 44. Re7 Bxa4 45. Rxa7 Bc2 46. Rxa5+ Kc4 47. Ra6 Kd3 48. Rxf6 Ke2 49. Rd6 d3 50. f3 d2 51. Rxd2+ Kxd2 52. g4 Kc3 53. gxh5 gxh5 54. Kg5 Kd4 55. Kxh5 Ke5 56. Kg5 Ke6 57. f4 Kf7 58. f5 Bxf5 59. Kxf5 Kg8 60. Kg5 Kh8 61. Kg6 Kg8 62. h5 Kh8 63. h6 Kg8 64. Kg5 Kh8 65. Kg6 Kg8 66. h7+ Kh8 67. Kh6 1/2-1/2


[Site "https://www.chess.com"]

[Event "Titled Tuesday Blitz December 20 Late 2022"]
[White "Sarkar, Justin"]
[Black "Dimitrov, Atanas"]
[WhiteFideId "2010011"]
[BlackFideId "2901315"]
[WhiteElo "2239"]
[BlackElo "2622"]
[Result "0-1"]
[Round "03"]
[TimeControl "180+1"]
[Date "2022.12.21"]
[WhiteClock "0:00:00"]
[BlackClock "0:00:34"]

1. d4 Nf6 2. c4 g6 3. Nc3 d5 4. Nf3 Bg7 5. h4 h6 6. Bf4 c5 7. dxc5 Qa5 8. cxd5 Nxd5 9. Qxd5 Bxc3+ 10. Bd2 Bxd2+ 11. Qxd2 Qc7 12. O-O-O Be6 13. Kb1 Nc6 14. Qc3 O-O 15. e4 Qf4 16. Qe3 Qxe3 17. fxe3 Rac8 18. a3 a5 19. Be2 Kg7 20. Nd4 Nd8 21. b4 axb4 22. axb4 Ra8 23. Rd2 Ra3 24. Rd3 Ra4 25. Nxe6+ Nxe6 26. Rb3 Rfa8 27. Rc1 Ra1+ 28. Kc2 R8a2+ 29. Rb2 Rxc1+ 30. Kxc1 Ra3 31. Kd2 Ra1 32. Bc4 Nd8 33. b5 Ra4 34. Bd5 e6 35. Bxb7 Nxb7 36. c6 Nd6 37. Ke2 Rc4 0-1


[Site "https://www.chess.com"]

[Event "Titled Tuesday Blitz December 20 Late 2022"]
[White "Savanovic, Aleksandar"]
[Black "Eljanov, Pavel"]
[WhiteFideId "914932"]
[BlackFideId "14102951"]
[WhiteElo "2409"]
[BlackElo "2598"]
[Result "0-1"]
[Round "03"]
[TimeControl "180+1"]
[Date "2022.12.21"]
[WhiteClock "0:00:04"]
[BlackClock "0:00:21"]

1. d4 Nf6 2. Bf4 d5 3. e3 c5 4. c3 Qb6 5. Na3 a6 6. Qb3 Qa5 7. Nf3 Nc6 8. Be2 c4 9. Qc2 g6 10. O-O Bf5 11. Qc1 Nh5 12. Be5 f6 13. Bg3 Nxg3 14. hxg3 e5 15. dxe5 Bxa3 16. bxa3 fxe5 17. Rd1 O-O 18. Qd2 Rad8 19. Qb2 Rd7 20. Nh4 Be6 21. Nf3 Kg7 22. Ng5 Bg8 23. Rab1 Qc5 24. Nf3 Rf6 25. Rd2 h6 26. Rbd1 Rfd6 27. Bf1 b5 28. Be2 Be6 29. Bf1 a5 30. Be2 Rb7 31. Qc2 Bf5 32. Qc1 g5 33. Nh2 b4 34. axb4 axb4 35. cxb4 Rxb4 36. Nf3 c3 37. Rc2 Bxc2 38. Qxc2 e4 39. Ne1 d4 40. Qxe4 dxe3 41. Qxe3 Qxe3 42. fxe3 Rxd1 43. Bxd1 Rb1 44. Bc2 Rxe1+ 45. Kf2 Rc1 46. Be4 0-1


[Site "https://www.chess.com"]

[Event "Titled Tuesday Blitz December 20 Late 2022"]
[White "Seletsky, Grigory"]
[Black "Nasir, Zehn"]
[WhiteFideId "14112191"]
[BlackFideId "2613239"]
[WhiteElo "2492"]
[BlackElo "1993"]
[Result "1-0"]
[Round "03"]
[TimeControl "180+1"]
[Date "2022.12.21"]
[WhiteClock "0:00:04"]
[BlackClock "0:00:08"]

1. e4 c6 2. d4 d5 3. Nd2 dxe4 4. Nxe4 Bf5 5. Ng3 Bg6 6. Nf3 Nd7 7. h4 h6 8. h5 Bh7 9. Bd3 Bxd3 10. Qxd3 e6 11. Bd2 Ngf6 12. O-O-O Be7 13. Ne4 Nxe4 14. Qxe4 Nf6 15. Qe2 Qb6 16. c4 Qa6 17. Kb1 b5 18. Ne5 Rc8 19. c5 Nd5 20. f4 Bf6 21. g4 Qa4 22. Nf3 b4 23. g5 hxg5 24. fxg5 Be7 25. g6 b3 26. a3 Qb5 27. gxf7+ Kxf7 28. Qe4 Bf6 29. Qg6+ Ke7 30. Rhe1 Rce8 31. Bg5 Rhf8 32. Qxg7+ Rf7 33. Bxf6+ Nxf6 34. Qg5 Qc4 35. Ne5 Qc2+ 36. Ka1 Ref8 37. Nxc6+ Kd7 38. Ne5+ Kc7 39. Nxf7 Rxf7 40. Qe5+ Kb7 41. Qxe6 Qh7 42. d5 Nxh5 43. Qc6+ Kb8 44. Re8# 1-0


[Site "https://www.chess.com"]

[Event "Titled Tuesday Blitz December 20 Late 2022"]
[White "Senft, Sean"]
[Black "Crevatin, Leo"]
[WhiteFideId "2044960"]
[BlackFideId "1726307"]
[WhiteElo "1989"]
[BlackElo "2190"]
[Result "0-1"]
[Round "03"]
[TimeControl "180+1"]
[Date "2022.12.21"]
[WhiteClock "0:01:59"]
[BlackClock "0:01:17"]

1. d4 Nf6 2. c4 g6 3. Nc3 Bg7 4. e4 d6 5. f4 O-O 6. Nf3 c5 7. d5 e6 8. Be2 exd5 9. exd5 Na6 10. O-O Nc7 11. Bd3 a6 12. a4 Re8 13. f5 Ng4 14. Bg5 f6 15. Bf4 g5 16. Bd2 Ne3 17. Bxe3 Rxe3 18. Qd2 Re8 19. Rae1 Bd7 20. a5 Rb8 21. Ne4 Bc8 22. Re2 b6 23. Rfe1 bxa5 24. Ng3 Rxe2 25. Rxe2 Bd7 26. Nh5 a4 27. Bb1 Qf8 28. Re6 Nxe6 29. fxe6 Be8 30. Ng3 Bg6 31. Bxg6 hxg6 32. Qc2 f5 33. Nxg5 Qf6 34. h4 Rb3 35. Nf3 Qxb2 36. Qxb2 Rxb2 37. Ng5 Bf6 0-1


[Site "https://www.chess.com"]

[Event "Titled Tuesday Blitz December 20 Late 2022"]
[White "Shapiro, Bryan"]
[Black "Bryant, Todd"]
[WhiteFideId "2087740"]
[BlackFideId "2031299"]
[WhiteElo "1898"]
[BlackElo "2352"]
[Result "0-1"]
[Round "03"]
[TimeControl "180+1"]
[Date "2022.12.21"]
[WhiteClock "0:01:07"]
[BlackClock "0:00:35"]

1. d4 Nf6 2. c4 g6 3. Nc3 Bg7 4. Nf3 O-O 5. e4 d6 6. Be2 e5 7. d5 a5 8. O-O Na6 9. Qc2 Bd7 10. a3 Nc5 11. Bg5 a4 12. Rfe1 h6 13. Be3 Nb3 14. Rad1 Ng4 15. Bf1 Nxe3 16. Rxe3 f5 17. Nd2 Nd4 18. Qd3 f4 19. Ree1 f3 20. g3 c5 21. dxc6 bxc6 22. Re3 Qf6 23. Na2 c5 24. Nc3 Be6 25. Nd5 Bxd5 26. cxd5 Rab8 27. Nc4 Rb3 28. Qd2 Rfb8 29. Rde1 h5 30. Rxb3 Rxb3 31. Re3 Bh6 32. Qa5 Bxe3 33. Nxe3 Rxe3 34. Qa8+ Kh7 35. Qb7+ Kh6 36. fxe3 f2+ 37. Kg2 Qf3+ 38. Kh3 Ne2 39. Qe7 Ng1+ 40. Kh4 Qg4# 0-1


[Site "https://www.chess.com"]

[Event "Titled Tuesday Blitz December 20 Late 2022"]
[White "Shimanov, Aleksandr"]
[Black "Leitao, Rafael"]
[WhiteFideId "4198603"]
[BlackFideId "2101246"]
[WhiteElo "2605"]
[BlackElo "2609"]
[Result "0-1"]
[Round "03"]
[TimeControl "180+1"]
[Date "2022.12.20"]
[WhiteClock "0:00:03"]
[BlackClock "0:00:04"]

1. e4 c5 2. c3 Nf6 3. e5 Nd5 4. Nf3 d6 5. Bb5+ Nc6 6. O-O e6 7. d4 cxd4 8. Qxd4 Qb6 9. Qxb6 Nxb6 10. Rd1 d5 11. Be3 Bd7 12. a4 Nc4 13. Bxc4 dxc4 14. a5 Ne7 15. Nbd2 Bb5 16. Bc5 Nd5 17. Bxf8 Rxf8 18. Ne4 Ke7 19. Nd6 Ba6 20. Rd4 Rad8 21. g3 f6 22. Ne4 Nc7 23. exf6+ gxf6 24. Nc5 Rxd4 25. Nxd4 Rd8 26. Re1 e5 27. f4 Rd5 28. Nf5+ Kf7 29. Ne4 Rxa5 30. fxe5 Rxe5 31. Ned6+ Ke6 32. Rd1 Rxf5 33. Nxf5 Kxf5 34. Rd7 Ne6 35. Rxh7 Nc5 36. Rg7 Ne6 37. Rg8 Bb5 38. h4 Bc6 39. h5 Ng5 40. h6 Be4 41. Kf2 Kg4 42. Rg7 Kh5 43. h7 Nxh7 44. Ke3 Ng5 45. Kf4 Kh6 46. Rc7 Bd5 47. Re7 Kg6 48. Rd7 Ne6+ 49. Ke3 Bc6 50. Re7 Kf5 51. g4+ Ke5 52. Rh7 a5 53. Rh5+ Ng5 54. Rh8 Kd6 55. Ra8 b6 56. Rf8 Ne4 57. Kd4 Ke7 58. Rb8 b5 59. Rb6 Kd7 60. Ra6 a4 61. Ra7+ Kd6 62. Ra6 Kc7 63. Ra7+ Bb7 64. Rxb7+ Kxb7 65. Kxe4 b4 66. Kd4 a3 0-1


[Site "https://www.chess.com"]